 Dungeon Crawl Stone Soup version 0.24.0-123-gd5b16e6ec5 (webtiles) character file.

Game seed: 15630078428765582876, levelgen mode: deterministic

428 Elellon the Magician (level 6, 0/32 HPs)
             Began as a Deep Elf Conjurer on Feb 11, 2020.
             Slain by Grinder (8 damage)
             ... on level 4 of the Dungeon on Feb 12, 2020.
             The game lasted 00:04:48 (3503 turns).

Elellon the Magician (Deep Elf Conjurer)            Turns: 3503, Time: 00:04:49

Health: 0/32       AC:  3    Str:  7    XL:     6   Next: 65%
Magic:  8/18       EV: 13    Int: 20    God:
Gold:   243        SH:  0    Dex: 15    Spells: 12/19 levels left

rFire    . . .     SeeInvis .   j - +1 dagger (venom)
rCold    . . .     Gourm    .   (no shield)
rNeg     . . .     Faith    .   i - +0 robe (curse)
rPois    .         Spirit   .   (no helmet)
rElec    .         Reflect  .   (no cloak)
rCorr    .         Harm     .   s - +0 pair of gloves
MR       .....                  (no boots)
Stlth    ++........             (no amulet)
HPRegen  0.10/turn              (no ring)
MPRegen  0.16/turn              (no ring)

@: very slightly contaminated
A: no striking features
a: no special abilities


You were on level 4 of the Dungeon.
You were hungry.

You visited 1 branch of the dungeon, and saw 4 of its levels.

You collected 243 gold pieces.

Inventory:

Hand Weapons
 j - a +1 dagger of venom (weapon)
Armour
 a - a +0 robe
 i - a cursed +0 robe (worn)
 s - a +0 pair of gloves (worn)
Jewellery
 g - an uncursed amulet of the gourmand {unknown}
 q - a +6 ring of evasion {unknown}
 r - a +2 ring of dexterity {unknown}
Scrolls
 d - 5 scrolls of identify {unknown}
 e - 4 scrolls of teleportation {unknown}
 f - 2 scrolls of enchant armour {unknown}
 h - 3 scrolls of remove curse {unknown}
 k - a scroll of random uselessness {unknown}
 m - a scroll of enchant weapon {unknown}
 p - a scroll of blinking {unknown}
Potions
 b - 4 potions of curing {unknown}
 l - a potion of brilliance {unknown}
 n - 2 potions of heal wounds {unknown}
 o - 2 potions of lignification {unknown}
Comestibles
 c - 10 rations


   Skills:
 - Level 2.4 Dodging
 - Level 2.4 Stealth
 + Level 7.1 Spellcasting
 + Level 7.0 Conjurations


You had 12 spell levels left.
You knew the following spells:

 Your Spells              Type           Power        Failure   Level  Hunger
a - Magic Dart            Conj           ####         1%          1    None
b - Searing Ray           Conj           #####.       1%          2    None
c - Iskenderun's Mystic   Conj           #####...     5%          4    ###....

Your spell library contained the following spells:

 Spells                   Type           Power        Failure   Level  Hunger
 Dazzling Spray           Conj/Hex       ###...       7%          3    #......
 Force Lance              Conj/Tloc      ###.....     22%         4    ###....
 Fulminant Prism          Conj/Hex       ###.......   22%         4    ###....


Dungeon Overview and Level Annotations

Branches:
Dungeon (4/15)
 Temple: D:4-7

Altars:
Dithmenos
Elyvilon
Fedhas
Gozag
Nemelex Xobeh
Xom

Annotations:
D:4 Grinder


Message History

Press: ? - help, Shift-Dir - straight line, f/p - Grinder
Aim: Grinder (moderately wounded)
You miscast Searing Ray.
You are very lightly contaminated with residual magic.
Strange energies run through your body. Grinder hits you.
You writhe in agony.
Grinder hits you.
You writhe in agony.
Grinder hits you!
You writhe in agony.
Grinder gestures at you. Pain shoots through your body!
* * * LOW HITPOINT WARNING * * *
Casting: Searing Ray (safe; 1% risk of failure)
Confirm with . or Enter, or press ? or * to list all spells.
Aiming: Searing Ray (safe; 1% risk of failure)
Press: ? - help, Shift-Dir - straight line, f/p - Grinder
Aim: Grinder (moderately wounded)
The searing ray hits Grinder.
Grinder is moderately wounded. (Press . to maintain the ray.) Grinder hits you!
You die...

#.# .#
#..#....#
♣...≈≈_≈ #.#
##...####
♣♣..≈≈≈≈ ##.##
##.## ♣...≈≈≈
##...####.#
###.## ♣♣.....
#..#......#
#....# ♣♣....
#....######
#.#.## ♣♣...
#.#.## #.###
♣♣.... #.#.#
#.# ♣.....
#.#.# #@#
♣.[.≈≈≈ #.#.#
#.5......
#..≈≈≈≈ #.#.#
#########
#..≈≈♣≈
#.#.#######
.#..≈≈≈≈
#.........#
#.#...≈≈≈
###.#####.#####
##.##.....
#...........#
#[..##....
#######.###.>.
......... #.#
...##.###


You could see Grinder.

Vanquished Creatures
  Edmund (D:4)
  A phantom (D:4)
  An orc priest (D:3)
  An orc wizard (D:3)
  A worker ant (D:4)
  2 hound skeletons
  3 adders
  An ooze (D:3)
  4 worms (D:3)
  3 dart slugs
  A leopard gecko (D:2)
  8 orcs (D:3)
  2 ball pythons (D:2)
  8 bats
  3 giant cockroaches
  9 goblins
  4 hobgoblins
  10 kobolds
  A quokka (D:3)
  2 frilled lizards
  A leopard gecko skeleton (D:4)
  6 rats
73 creatures vanquished.

Notes
Turn   | Place    | Note
-------+----------+-------------------------------------------
     0 | D:1      | Elellon the Deep Elf Conjurer began the quest for the Orb.
     0 | D:1      | Reached XP level 1. HP: 10/10 MP: 6/6
   260 | D:1      | Reached XP level 2. HP: 15/15 MP: 2/8
   850 | D:2      | Reached skill level 5 in Conjurations
   850 | D:2      | Reached XP level 3. HP: 19/19 MP: 2/10
  1506 | D:2      | Found a blossoming altar of Fedhas.
  1506 | D:2      | Found a shadowy altar of Dithmenos.
  1511 | D:2      | Found a faded altar of an unknown god.
  1513 | D:2      | Found a faded altar of an unknown god.
  1514 | D:2      | Found a shimmering altar of Xom.
  1775 | D:3      | Reached XP level 4. HP: 20/24 MP: 1/12
  1983 | D:3      | Learned a level 2 spell: Searing Ray
  1988 | D:3      | Learned a level 4 spell: Iskenderun's Mystic Blast
  2016 | D:3      | Reached skill level 5 in Spellcasting
  2334 | D:3      | Reached XP level 5. HP: 28/28 MP: 11/14
  2501 | D:3      | Found an opulent altar of Gozag.
  2505 | D:3      | Found a sparkling altar of Nemelex Xobeh.
  2989 | D:4      | Noticed Edmund
  2998 | D:4      | Killed Edmund
  2998 | D:4      | Reached XP level 6. HP: 19/32 MP: 6/17
  3312 | D:4      | Found a white marble altar of Elyvilon.
  3492 | D:4      | Noticed Grinder
  3503 | D:4      | Slain by Grinder

Levels and vault maps discovered:
D:1:      shiori_shiawase, layout_rooms
D:2:      layout_loops_ring, chequers_temple_overflow_minitemple
D:3:      layout_basic, grunt_temple_overflow_opulence, first_ration
D:4:      layout_loops_ring, nicolae_overflow_crystal_walls, elyvilon_altar_3,
          uniq_edmund, uniq_grinder, uniq_pikel

Skill      XL: |  1  2  3  4  5  6 |
---------------+-------------------+-----
Spellcasting   | 4 5 6 7 |  7.1
Conjurations   | 5 6 7 |  7.0
Dodging        | |  2.4
Stealth        | |  2.4

Action                   |  1- 3 |  4- 6 || total
-------------------------+-------+-------++-------
Melee: Dagger            |       |     2 ||     2
 Cast: Magic Dart        |    78 |    85 ||   163
       Searing Ray       |       |     9 ||     9
  Eat: Chunk             |     2 |     5 ||     7
Armor: Robe              |     3 |       ||     3
Dodge: Dodged            |     5 |     9 ||    14
